MINNESOTA vs ST.LOUIS

Created - June 4, 2021 at 10:47

Goals
1 2 3 T
MINNESOTA 0 1 2 3
ST.LOUIS 0 0 1 1
Shots
1 2 3 T
MINNESOTA 13 10 11 34
ST.LOUIS 3 5 7 15

1st period

No Goal

Penalties :
Brett Connolly (STL) for Holding (Minor) at 9:44, Brian Boyle (STL) for Interference (Minor) at 12:46, Kyle Connor (MIN) for Holding (Minor) at 16:30, Matt Calvert (STL) for Roughing (Double Minor) at 19:30

2nd period

1. MINNESOTA , Tomas Hertl 25 (Mark Giordano 47, Bryan Rust 26) at 0:59 (PP)

Penalties :
Ryan Pulock (MIN) for Delaying the game (Minor) at 3:14, Kyle Connor (MIN) for Roughing (Minor) at 12:59, Carl Soderberg (STL) for Holding (Minor) at 19:21

3rd period

2. MINNESOTA , Tomas Hertl 26 (Mark Giordano 48) at 0:43 (PP)
3. MINNESOTA , Tomas Hertl 27 (Nikita Kucherov 52, Ryan Pulock 44) at 5:55
4. ST.LOUIS , Jaden Schwartz 23 (Brett Connolly 21) at 13:48

Penalties :
Brandon Tanev (MIN) for Hooking (Minor) at 0:56

Goalie Stats

Andrei Vasilevskiy (MIN), 14 saves from 15 shots - (0.933), W, 41-22-4, 60:00 minutes
Semyon Varlamov (STL), 31 saves from 34 shots - (0.912), L, 32-27-7, 60:00 minutes

Players Stats for MINNESOTA

Player Name              G  A  P  +/- PIM S  H  SB GA TA FO     MP     PP MP  PK MP  
------------------------------------------------------------------------------------
Anders Lee               0  0  0   0  0   2  1  0  0  0  1/2    17:25   3:55   0:00 
Barclay Goodrow          0  0  0   0  0   0  1  0  0  0  0/0     9:25   0:00   3:28 
Brandon Tanev            0  0  0   0  2   0  5  1  0  0  0/2     9:30   0:00   3:34 
Bryan Rust               0  1  1   0  0   3  1  0  0  0  1/1    20:51   3:46   3:35 
David Savard             0  0  0  -1  0   1  4  2  0  0  0/0    15:45   0:00   4:06 
Duncan Keith             0  0  0   1  0   1  1  0  0  0  0/0    20:50   0:22   4:08 
Joe Thornton             0  0  0   0  0   2  1  0  0  0  12/23  14:28   3:55   0:19 
Johan Larsson            0  0  0   0  0   0  0  0  0  0  4/7     5:57   0:00   0:00 
John Tavares             0  0  0   0  0   0  0  0  0  0  19/25  18:23   4:53   0:00 
Kris Russell             0  0  0  -1  0   0  0  1  0  0  0/0    12:03   0:00   0:24 
Kyle Connor              0  0  0   0  4   6  0  0  0  0  0/1    19:13   4:53   0:47 
Mark Giordano            0  2  2   0  0   3  1  2  0  0  0/0    23:53   3:24   4:19 
Mats Zuccarello          0  0  0   0  0   2  2  0  0  0  1/1    14:45   4:31   0:00 
Nikita Kucherov          0  1  1   0  0   4  1  1  0  0  1/3    18:59   5:24   0:00 
Ryan Pulock              0  1  1   1  2   0  0  0  0  0  0/0    18:21   0:00   2:55 
Tomas Hertl              3  0  3   0  0   7  2  0  0  0  13/27  21:39   3:55   4:09 
Torey Krug               0  0  0   0  0   2  1  0  0  0  0/0    20:19   5:02   0:00 
Zach Hyman               0  0  0   0  0   1  0  0  0  0  0/1    10:14   0:00   0:00 

Players Stats for ST.LOUIS

Player Name              G  A  P  +/- PIM S  H  SB GA TA FO     MP     PP MP  PK MP  
------------------------------------------------------------------------------------
Adam Fox                 0  0  0   0  0   0  0  0  0  0  0/0    13:54   0:00   0:00 
Andy Greene              0  0  0  -1  0   1  1  2  0  0  0/0    25:11   4:15   4:44 
Brayden McNabb           0  0  0   1  0   0  0  2  0  0  0/0    20:55   3:41   4:04 
Brenden Dillon           0  0  0   1  0   0  1  1  0  0  0/0    20:55   3:41   4:04 
Brett Connolly           0  1  1   1  2   1  1  0  0  0  0/0    16:29   4:27   0:00 
Brian Boyle              0  0  0   0  2   0  0  0  0  0  0/0     4:34   0:00   0:00 
Carl Soderberg           0  0  0   0  2   1  2  0  0  0  9/16   12:20   0:00   0:00 
Colton Sissons           0  0  0   0  0   0  0  0  0  0  2/5     4:35   0:00   0:00 
Darnell Nurse            0  0  0  -1  0   0  4  4  0  0  0/0    25:11   4:15   4:44 
Jaden Schwartz           1  0  1   1  0   3  0  0  0  0  3/4    19:16   4:27   2:46 
James Neal               0  0  0   0  0   2  1  0  0  0  0/1    12:21   0:00   0:00 
Jeff Carter              0  0  0  -1  0   0  2  0  0  0  1/1    17:46   3:29   0:00 
Johnny Gaudreau          0  0  0  -1  0   3  0  0  0  0  2/3    23:48   3:29   6:02 
Joonas Donskoi           0  0  0   0  0   0  0  0  0  0  1/1    12:21   0:00   0:00 
Matt Calvert             0  0  0   0  4   0  1  0  0  0  0/0     4:34   0:00   0:00 
Neal Pionk               0  0  0   0  0   0  0  0  0  0  0/0    13:54   0:00   0:00 
Nick Ritchie             0  0  0   0  0   0  0  0  0  0  0/0     0:00   0:00   0:00 
Ryan Johansen            0  0  0   1  0   2  1  0  0  0  14/28  19:16   4:27   2:46 
Teuvo Teravainen         0  0  0  -1  0   2  1  1  0  0  9/34   23:48   3:29   6:02 
Trevor Lewis             0  0  0   0  0   0  0  0  0  0  0/0     0:00   0:00   0:00 

3 Stars

1 - Tomas Hertl (MIN)
2 - Mark Giordano (MIN)
3 - Jaden Schwartz (STL)

Power Play

MINNESOTA - 2 on 5 Attempt(s) - 40.00%
ST.LOUIS - 0 on 4 Attempt(s) - 0.00%

Penalty Kill

MINNESOTA - 4 on 4 Attempt(s) - 100.00% - Score 0 goal in Penalty Kill
ST.LOUIS - 3 on 5 Attempt(s) - 60.00% - Score 0 goal in Penalty Kill

Team Stat

MINNESOTA - Hits : 21 - Faceoff Wins : 52 - Blocked Shots : 7 - Penalty Minutes : 8
ST.LOUIS - Hits : 15 - Faceoff Wins : 41 - Blocked Shots : 10 - Penalty Minutes : 10

Official

Referees : Graham Skilliter and Brandon Blandina
Linesman : Darren Gibbs and Marc Tarbuskovich

Game Notes

Tomas Hertl has scored a Hat Trick!

Finance

Level 1 -- Attendance: 6000 (100.00%) -- Ticket Income $456,000
Level 2 -- Attendance: 4806 (96.12%) -- Ticket Income $264,330
Level 3 -- Attendance: 1715 (85.75%) -- Ticket Income $60,025
Level 4 -- Attendance: 3453 (86.33%) -- Ticket Income $69,060
Luxury Box -- Attendance: 1000 (100.00%) -- Ticket Income $150,000
Game was played at the Scottrade Center.
Total Attendance: 16974 (94.30%)
Total Ticket Income: $999,415
Total Income: $999,415

MINNESOTA

5 vs 5 Forward 
   Center                   Left Wing                Right Wing               Time % Phy DF OF 
 1 Tomas Hertl              Kyle Connor              Nikita Kucherov          35     1   2  2  
 2 John Tavares             Anders Lee               Bryan Rust               35     1   1  3  
 3 Joe Thornton             Mats Zuccarello          Zach Hyman               20     1   1  3  
 4 Johan Larsson            Brandon Tanev            Barclay Goodrow          10     2   2  1  

5 vs 5 Defense 
   Defense                  Defense                                           Time % Phy DF OF 
 1 Mark Giordano            Torey Krug                                        39     0   2  3  
 2 Ryan Pulock              Duncan Keith                                      37     1   2  2  
 3 David Savard             Kris Russell                                      17     1   3  1  
 4 Mark Giordano            Duncan Keith                                      7      0   2  3  

PowerPlay Forward 
   Center                   Left Wing                Right Wing               Time % Phy DF OF 
 1 John Tavares             Mats Zuccarello          Kyle Connor              60     1   0  4  
 2 Joe Thornton             Tomas Hertl              Anders Lee               40     1   1  3  

PowerPlay Defense
   Defense                  Defense                                           Time % Phy DF OF 
 1 Torey Krug               Nikita Kucherov                                   56     0   1  4  
 2 Bryan Rust               Mark Giordano                                     44     1   1  3  

Penalty Kill 4 Players Forward 
   Center                   Wing                     Time % Phy DF OF 
 1 Tomas Hertl              Brandon Tanev            60     1   3  1  
 2 Barclay Goodrow          Bryan Rust               40     1   3  1  

Penalty Kill 4 Players Defense
   Defense                  Defense                  Time % Phy DF OF 
 1 Mark Giordano            Duncan Keith             60     0   4  1  
 2 David Savard             Ryan Pulock              40     1   3  1  

Penalty Kill - 3 Players Forward 
   Forward                                           Time % Phy DF OF 
 1 Barclay Goodrow                                   60     1   4  0  
 2 Brandon Tanev                                     40     0   5  0  

Penalty Kill - 3 Players Defense
   Defense                  Defense                  Time % Phy DF OF 
 1 Mark Giordano            Duncan Keith             60     1   4  0  
 2 Ryan Pulock              David Savard             40     1   4  0  

4 vs 4 Forward 
   Center                   Wing                     Time % Phy DF OF 
 1 John Tavares             Kyle Connor              55     1   2  2  
 2 Tomas Hertl              Nikita Kucherov          45     1   1  3  

4 vs 4 Defense
   Defense                  Defense                  Time % Phy DF OF 
 1 Mark Giordano            Torey Krug               50     1   2  2  
 2 Ryan Pulock              Duncan Keith             50     1   2  2  

Last Minutes Offensive
   Center                   Left Wing                Right Wing               Defense                  Defense                  
   John Tavares             Kyle Connor              Nikita Kucherov          Torey Krug               Mark Giordano            

Last Minutes Defensive
   Center                   Left Wing                Right Wing               Defense                  Defense                  
   Tomas Hertl              Brandon Tanev            Barclay Goodrow          Mark Giordano            Duncan Keith             

Goaltenders
Starting : Andrei Vasilevskiy       
Backup : Brian Elliott            

Extra Forwards
Normal : Tomas Hertl, John Tavares, Nikita Kucherov - PP : Zach Hyman, Nikita Kucherov - PK : Tomas Hertl
Extra Defensemen
Normal : Mark Giordano, Duncan Keith, Torey Krug - PP : Torey Krug - PK : Ryan Pulock, Mark Giordano
Penalty Shots
Nikita Kucherov, Mats Zuccarello, Kyle Connor, Tomas Hertl, Bryan Rust

Scratches
Brett Kulak (Healthy), Ryan Carpenter (Healthy), MIN Cap Hit (Healthy), Michael Stone (Healthy)

ST.LOUIS

5 vs 5 Forward 
   Center                   Left Wing                Right Wing               Time % Phy DF OF 
 1 Teuvo Teravainen         Johnny Gaudreau          Jeff Carter              35     1   2  2  
 2 Ryan Johansen            Jaden Schwartz           Brett Connolly           30     1   2  2  
 3 Carl Soderberg           Joonas Donskoi           James Neal               25     1   2  2  
 4 Colton Sissons           Brian Boyle              Matt Calvert             10     1   2  2  

5 vs 5 Defense 
   Defense                  Defense                                           Time % Phy DF OF 
 1 Darnell Nurse            Andy Greene                                       35     1   2  2  
 2 Brayden McNabb           Brenden Dillon                                    30     1   2  2  
 3 Neal Pionk               Adam Fox                                          25     1   2  2  
 4 Darnell Nurse            Andy Greene                                       10     1   2  2  

PowerPlay Forward 
   Center                   Left Wing                Right Wing               Time % Phy DF OF 
 1 Teuvo Teravainen         Johnny Gaudreau          Jeff Carter              60     1   2  2  
 2 Ryan Johansen            Jaden Schwartz           Brett Connolly           40     1   2  2  

PowerPlay Defense
   Defense                  Defense                                           Time % Phy DF OF 
 1 Darnell Nurse            Andy Greene                                       60     1   2  2  
 2 Brayden McNabb           Brenden Dillon                                    40     1   2  2  

Penalty Kill 4 Players Forward 
   Center                   Wing                     Time % Phy DF OF 
 1 Teuvo Teravainen         Johnny Gaudreau          60     1   2  2  
 2 Jaden Schwartz           Ryan Johansen            40     1   2  2  

Penalty Kill 4 Players Defense
   Defense                  Defense                  Time % Phy DF OF 
 1 Darnell Nurse            Andy Greene              60     1   2  2  
 2 Brayden McNabb           Brenden Dillon           40     1   2  2  

Penalty Kill - 3 Players Forward 
   Forward                                           Time % Phy DF OF 
 1 Teuvo Teravainen                                  60     1   2  2  
 2 Johnny Gaudreau                                   40     1   2  2  

Penalty Kill - 3 Players Defense
   Defense                  Defense                  Time % Phy DF OF 
 1 Darnell Nurse            Andy Greene              60     1   2  2  
 2 Brayden McNabb           Brenden Dillon           40     1   2  2  

4 vs 4 Forward 
   Center                   Wing                     Time % Phy DF OF 
 1 Teuvo Teravainen         Johnny Gaudreau          60     1   2  2  
 2 Jaden Schwartz           Ryan Johansen            40     1   2  2  

4 vs 4 Defense
   Defense                  Defense                  Time % Phy DF OF 
 1 Darnell Nurse            Andy Greene              60     1   2  2  
 2 Brayden McNabb           Brenden Dillon           40     1   2  2  

Last Minutes Offensive
   Center                   Left Wing                Right Wing               Defense                  Defense                  
   Teuvo Teravainen         Johnny Gaudreau          Jeff Carter              Darnell Nurse            Andy Greene              

Last Minutes Defensive
   Center                   Left Wing                Right Wing               Defense                  Defense                  
   Teuvo Teravainen         Johnny Gaudreau          Jeff Carter              Darnell Nurse            Andy Greene              

Goaltenders
Starting : Semyon Varlamov          
Backup : Elvis Merzlikins         

Extra Forwards
Normal : Nick Ritchie, Trevor Lewis, Carl Soderberg - PP : Nick Ritchie, Trevor Lewis - PK : Carl Soderberg
Extra Defensemen
Normal : Neal Pionk, Adam Fox, Brayden McNabb - PP : Neal Pionk - PK : Adam Fox, Brayden McNabb
Penalty Shots
Teuvo Teravainen, Johnny Gaudreau, Jaden Schwartz, Ryan Johansen, Jeff Carter

Scratches
Blake Lizotte (Healthy), Eric Fehr (Healthy), STL Cap Hit (Suspend)

% Time on Ice - MINNESOTA

Lines # - Real PCT - Wanted PCT - Time Play
Normal Forward
1 - 31% - 35% - 13:35
2 - 31% - 35% - 13:30
3 - 24% - 20% - 10:14
4 - 14% - 10% - 5:57
Normal Defense
1 - 35% - 39% - 15:17
2 - 36% - 37% - 15:27
3 - 27% - 17% - 11:39
4 - 2% - 7% - 0:53
PP Forward
1 - 55% - 60% - 4:53
2 - 45% - 40% - 3:55
PP Defense
1 - 61% - 56% - 5:24
2 - 39% - 44% - 3:24
PK Forward
1 - 82% - 60% - 6:29
2 - 18% - 40% - 1:27
PK Defense
1 - 45% - 60% - 3:36
2 - 55% - 40% - 4:20
PK3 Forward
1 - 0% - 60%
2 - 0% - 40%
PK3 Defense
1 - 0% - 60%
2 - 0% - 40%
44 Forward
1 - 0% - 55%
2 - 0% - 45%
44 Defense
1 - 0% - 50%
2 - 0% - 50%
Last Minute Offensive  - 0:00
Last Minute Defensive  - 0:00
Total
Forward - 60:00
Defense - 60:00

% Time on Ice - ST.LOUIS

Lines # - Real PCT - Wanted PCT - Time Play
Normal Forward
1 - 33% - 35% - 14:17
2 - 28% - 30% - 12:03
3 - 29% - 25% - 12:21
4 - 11% - 10% - 4:35
Normal Defense
1 - 34% - 35% - 14:34
2 - 30% - 30% - 13:10
3 - 32% - 25% - 13:54
4 - 4% - 10% - 1:38
PP Forward
1 - 44% - 60% - 3:29
2 - 56% - 40% - 4:27
PP Defense
1 - 54% - 60% - 4:15
2 - 46% - 40% - 3:41
PK Forward
1 - 69% - 60% - 6:02
2 - 31% - 40% - 2:46
PK Defense
1 - 54% - 60% - 4:44
2 - 46% - 40% - 4:04
PK3 Forward
1 - 0% - 60%
2 - 0% - 40%
PK3 Defense
1 - 0% - 60%
2 - 0% - 40%
44 Forward
1 - 0% - 60%
2 - 0% - 40%
44 Defense
1 - 0% - 60%
2 - 0% - 40%
Last Minute Offensive  - 0:00
Last Minute Defensive  - 0:00
Total
Forward - 60:00
Defense - 60:00

Play-by-Play

1st period


0:01 of 1st period - Tomas Hertl wins face-off versus Teuvo Teravainen in neutral zone.
0:01 of 1st period - Tomas Hertl is hit by Darnell Nurse.
0:12 of 1st period - Off-side.
0:13 of 1st period - John Tavares wins face-off versus Ryan Johansen in neutral zone.
1:17 of 1st period - Off-side.
1:18 of 1st period - Tomas Hertl wins face-off versus Teuvo Teravainen in neutral zone.
1:43 of 1st period - Icing by Kyle Connor.
1:44 of 1st period - Tomas Hertl wins face-off versus Colton Sissons in MINNESOTA zone.
2:05 of 1st period - Shot by David Savard.
2:05 of 1st period - Stopped by Semyon Varlamov without a rebound.
2:06 of 1st period - Carl Soderberg wins face-off versus Johan Larsson in ST.LOUIS zone.
2:20 of 1st period - Shot by James Neal.
2:20 of 1st period - Shot Misses the Net.
2:22 of 1st period - Shot by Carl Soderberg.
2:22 of 1st period - Shot Blocked by Brandon Tanev.
2:36 of 1st period - Andy Greene is hit by Barclay Goodrow.
3:05 of 1st period - Icing by Andy Greene.
3:06 of 1st period - Joonas Donskoi wins face-off versus Anders Lee in ST.LOUIS zone.
4:25 of 1st period - Icing by Neal Pionk.
4:26 of 1st period - Ryan Johansen wins face-off versus Joe Thornton in ST.LOUIS zone.
4:36 of 1st period - Shot by Jaden Schwartz.
4:36 of 1st period - Shot Misses the Net.
4:55 of 1st period - Off-side.
4:56 of 1st period - Tomas Hertl wins face-off versus Colton Sissons in neutral zone.
5:06 of 1st period - Shot by Andy Greene.
5:06 of 1st period - Shot Blocked by David Savard.
5:28 of 1st period - Tomas Hertl is hit by Matt Calvert and loses puck.
6:28 of 1st period - Brenden Dillon is hit by Brandon Tanev and loses puck.
6:38 of 1st period - Brayden McNabb is hit by Duncan Keith and loses puck.
6:43 of 1st period - Shot by Jeff Carter.
6:43 of 1st period - Shot Misses the Net.
6:58 of 1st period - Icing by Brayden McNabb.
6:59 of 1st period - Teuvo Teravainen wins face-off versus John Tavares in ST.LOUIS zone.
7:09 of 1st period - Icing by John Tavares.
7:10 of 1st period - Ryan Johansen wins face-off versus John Tavares in MINNESOTA zone.
7:14 of 1st period - Icing by Kris Russell.
7:15 of 1st period - Ryan Johansen wins face-off versus John Tavares in MINNESOTA zone.
7:39 of 1st period - Icing by Anders Lee.
7:40 of 1st period - John Tavares wins face-off versus Carl Soderberg in MINNESOTA zone.
7:44 of 1st period - Icing by Bryan Rust.
7:45 of 1st period - John Tavares wins face-off versus Teuvo Teravainen in MINNESOTA zone.
7:52 of 1st period - Teuvo Teravainen is hit by Anders Lee.
8:06 of 1st period - Shot by Teuvo Teravainen.
8:06 of 1st period - Shot Misses the Net.
8:08 of 1st period - Shot by Andy Greene.
8:08 of 1st period - Stopped by Andrei Vasilevskiy without a rebound.
8:09 of 1st period - Carl Soderberg wins face-off versus Nikita Kucherov in MINNESOTA zone.
8:19 of 1st period - Off-side.
8:20 of 1st period - Ryan Johansen wins face-off versus Joe Thornton in neutral zone.
8:20 of 1st period - Darnell Nurse is hit by Joe Thornton and loses puck.
8:29 of 1st period - Shot by Zach Hyman.
8:29 of 1st period - Stopped by Semyon Varlamov with a rebound.
8:31 of 1st period - Shot by Mark Giordano.
8:31 of 1st period - Stopped by Semyon Varlamov without a rebound.
8:32 of 1st period - Carl Soderberg wins face-off versus Tomas Hertl in ST.LOUIS zone.
8:39 of 1st period - Tomas Hertl is hit by James Neal and loses puck.
8:52 of 1st period - Shot by James Neal.
8:52 of 1st period - Stopped by Andrei Vasilevskiy without a rebound.
8:53 of 1st period - Joe Thornton wins face-off versus Teuvo Teravainen in MINNESOTA zone.
9:02 of 1st period - Icing by Andy Greene.
9:03 of 1st period - Teuvo Teravainen wins face-off versus Tomas Hertl in ST.LOUIS zone.
9:26 of 1st period - Jeff Carter is hit by Nikita Kucherov and loses puck.
9:42 of 1st period - Icing by Duncan Keith.
9:43 of 1st period - Tomas Hertl wins face-off versus Ryan Johansen in MINNESOTA zone.
9:43 of 1st period - Tomas Hertl is hit by Brett Connolly.
9:44 of 1st period - Minor Penalty to Brett Connolly for Holding.
9:45 of 1st period - John Tavares wins face-off versus Teuvo Teravainen in ST.LOUIS zone.
10:15 of 1st period - Shot by Nikita Kucherov.
10:15 of 1st period - Shot Misses the Net.
10:37 of 1st period - Shot by Johnny Gaudreau.
10:37 of 1st period - Shot Misses the Net.
10:42 of 1st period - Off-side.
10:43 of 1st period - Joe Thornton wins face-off versus Teuvo Teravainen in neutral zone.
10:50 of 1st period - Shot by Bryan Rust.
10:50 of 1st period - Stopped by Semyon Varlamov with a rebound.
10:52 of 1st period - Shot by Joe Thornton.
10:52 of 1st period - Shot Misses the Net.
10:54 of 1st period - Shot by Bryan Rust.
10:54 of 1st period - Deflect By Anders Lee.
10:54 of 1st period - Shot Misses the Net.
10:56 of 1st period - Shot by Joe Thornton.
10:56 of 1st period - Stopped by Semyon Varlamov without a rebound.
10:57 of 1st period - John Tavares wins face-off versus Jaden Schwartz in ST.LOUIS zone.
11:54 of 1st period - Adam Fox is hit by Brandon Tanev and loses puck.
11:59 of 1st period - Carl Soderberg is hit by Brandon Tanev and loses puck.
12:46 of 1st period - Minor Penalty to Brian Boyle for Interference.
12:47 of 1st period - Joe Thornton wins face-off versus Teuvo Teravainen in ST.LOUIS zone.
12:52 of 1st period - Shot by Mark Giordano.
12:52 of 1st period - Stopped by Semyon Varlamov without a rebound.
12:53 of 1st period - Teuvo Teravainen wins face-off versus John Tavares in ST.LOUIS zone.
13:04 of 1st period - Shot by Bryan Rust.
13:04 of 1st period - Shot Misses the Net.
13:16 of 1st period - Andy Greene is hit by Mats Zuccarello and loses puck.
13:27 of 1st period - Shot by Kyle Connor.
13:27 of 1st period - Stopped by Semyon Varlamov without a rebound.
13:28 of 1st period - Johnny Gaudreau wins face-off versus Joe Thornton in ST.LOUIS zone.
13:59 of 1st period - Shot by Tomas Hertl.
13:59 of 1st period - Stopped by Semyon Varlamov without a rebound.
14:00 of 1st period - Jaden Schwartz wins face-off versus John Tavares in ST.LOUIS zone.
14:21 of 1st period - Shot by Kyle Connor.
14:21 of 1st period - Stopped by Semyon Varlamov without a rebound.
14:22 of 1st period - Jaden Schwartz wins face-off versus Joe Thornton in ST.LOUIS zone.
14:57 of 1st period - Shot by Duncan Keith.
14:57 of 1st period - Stopped by Semyon Varlamov without a rebound.
14:58 of 1st period - John Tavares wins face-off versus Ryan Johansen in ST.LOUIS zone.
15:09 of 1st period - Shot by Ryan Johansen.
15:09 of 1st period - Shot Misses the Net.
15:32 of 1st period - Icing by David Savard.
15:33 of 1st period - John Tavares wins face-off versus Teuvo Teravainen in MINNESOTA zone.
15:38 of 1st period - Shot by Anders Lee.
15:38 of 1st period - Stopped by Semyon Varlamov without a rebound.
15:39 of 1st period - Teuvo Teravainen wins face-off versus Tomas Hertl in ST.LOUIS zone.
15:46 of 1st period - Shot by Nikita Kucherov.
15:46 of 1st period - Stopped by Semyon Varlamov without a rebound.
15:47 of 1st period - Teuvo Teravainen wins face-off versus Tomas Hertl in ST.LOUIS zone.
15:47 of 1st period - Johnny Gaudreau is hit by Tomas Hertl and loses puck.
16:30 of 1st period - Minor Penalty to Kyle Connor for Holding.
16:31 of 1st period - Ryan Johansen wins face-off versus Tomas Hertl in MINNESOTA zone.
16:40 of 1st period - Shot by Jaden Schwartz.
16:40 of 1st period - Shot Misses the Net.
16:42 of 1st period - Shot by Brett Connolly.
16:42 of 1st period - Shot Blocked by David Savard.
16:44 of 1st period - Shot by Jaden Schwartz.
16:44 of 1st period - Stopped by Andrei Vasilevskiy without a rebound.
16:45 of 1st period - Ryan Johansen wins face-off versus Tomas Hertl in MINNESOTA zone.
16:57 of 1st period - Icing by Jaden Schwartz.
16:58 of 1st period - Tomas Hertl wins face-off versus Ryan Johansen in ST.LOUIS zone.
17:06 of 1st period - Icing by Ryan Johansen.
17:07 of 1st period - Ryan Johansen wins face-off versus Tomas Hertl in ST.LOUIS zone.
17:07 of 1st period - Ryan Johansen is hit by Brandon Tanev.
18:27 of 1st period - Off-side.
18:28 of 1st period - Ryan Johansen wins face-off versus Brandon Tanev in neutral zone.
19:30 of 1st period - Double Minor Penalty to Matt Calvert for Roughing.
19:31 of 1st period - John Tavares wins face-off versus Teuvo Teravainen in ST.LOUIS zone.
19:52 of 1st period - Shot by Nikita Kucherov.
19:52 of 1st period - Stopped by Semyon Varlamov without a rebound.
19:53 of 1st period - Joe Thornton wins face-off versus Teuvo Teravainen in ST.LOUIS zone.
19:58 of 1st period - Shot by Tomas Hertl.
19:58 of 1st period - Shot Misses the Net.
Goals for this period are 0 for MINNESOTA vs 0 for ST.LOUIS.
Shots for this period are 13 for MINNESOTA vs 3 for ST.LOUIS.

2nd period


0:01 of 2nd period - John Tavares wins face-off versus Teuvo Teravainen in neutral zone.
0:59 of 2nd period - Shot by Tomas Hertl.
0:59 of 2nd period - Goal by Tomas Hertl - MINNESOTA : 1 - ST.LOUIS : 0.
1:00 of 2nd period - Johnny Gaudreau wins face-off versus Joe Thornton in neutral zone.
1:32 of 2nd period - Tomas Hertl is hit by Darnell Nurse.
2:00 of 2nd period - Shot by Nikita Kucherov.
2:00 of 2nd period - Shot Blocked by Brenden Dillon.
2:02 of 2nd period - Shot by Torey Krug.
2:02 of 2nd period - Stopped by Semyon Varlamov with a rebound.
2:04 of 2nd period - Shot by Kyle Connor.
2:04 of 2nd period - Stopped by Semyon Varlamov without a rebound.
2:05 of 2nd period - John Tavares wins face-off versus Teuvo Teravainen in ST.LOUIS zone.
2:08 of 2nd period - Shot by Mats Zuccarello.
2:08 of 2nd period - Stopped by Semyon Varlamov without a rebound.
2:09 of 2nd period - Teuvo Teravainen wins face-off versus Joe Thornton in ST.LOUIS zone.
2:30 of 2nd period - Shot by Tomas Hertl.
2:30 of 2nd period - Shot Misses the Net.
2:32 of 2nd period - Shot by Anders Lee.
2:32 of 2nd period - Shot Blocked by Brayden McNabb.
3:14 of 2nd period - Minor Penalty to Ryan Pulock for Delaying the game.
3:15 of 2nd period - Jaden Schwartz wins face-off versus Tomas Hertl in MINNESOTA zone.
3:24 of 2nd period - Shot by Brett Connolly.
3:24 of 2nd period - Shot Misses the Net.
3:26 of 2nd period - Shot by Brett Connolly.
3:26 of 2nd period - Stopped by Andrei Vasilevskiy without a rebound.
3:27 of 2nd period - Ryan Johansen wins face-off versus Brandon Tanev in MINNESOTA zone.
4:12 of 2nd period - Darnell Nurse is hit by David Savard and loses puck.
5:35 of 2nd period - Icing by Duncan Keith.
5:36 of 2nd period - Colton Sissons wins face-off versus Joe Thornton in MINNESOTA zone.
5:46 of 2nd period - Icing by Ryan Pulock.
5:47 of 2nd period - Joe Thornton wins face-off versus Carl Soderberg in MINNESOTA zone.
5:52 of 2nd period - Andy Greene is hit by Mats Zuccarello and loses puck.
6:01 of 2nd period - Ryan Pulock is hit by Carl Soderberg and loses puck.
6:21 of 2nd period - Off-side.
6:22 of 2nd period - Ryan Johansen wins face-off versus Tomas Hertl in neutral zone.
6:22 of 2nd period - Ryan Johansen is hit by Tomas Hertl.
6:36 of 2nd period - Ryan Johansen is hit by Torey Krug and loses puck.
6:46 of 2nd period - Icing by Mark Giordano.
6:47 of 2nd period - Nikita Kucherov wins face-off versus Teuvo Teravainen in MINNESOTA zone.
7:28 of 2nd period - Teuvo Teravainen is hit by David Savard and loses puck.
8:23 of 2nd period - Shot by Ryan Johansen.
8:23 of 2nd period - Stopped by Andrei Vasilevskiy without a rebound.
8:24 of 2nd period - Carl Soderberg wins face-off versus Joe Thornton in MINNESOTA zone.
8:46 of 2nd period - Off-side.
8:47 of 2nd period - Ryan Johansen wins face-off versus Nikita Kucherov in neutral zone.
9:21 of 2nd period - Icing by Kyle Connor.
9:22 of 2nd period - Carl Soderberg wins face-off versus Tomas Hertl in MINNESOTA zone.
9:33 of 2nd period - Shot by James Neal.
9:33 of 2nd period - Shot Blocked by Mark Giordano.
9:35 of 2nd period - Shot by Brayden McNabb.
9:35 of 2nd period - Shot Blocked by Nikita Kucherov.
10:43 of 2nd period - Shot by Johnny Gaudreau.
10:43 of 2nd period - Stopped by Andrei Vasilevskiy without a rebound.
10:44 of 2nd period - Ryan Johansen wins face-off versus Joe Thornton in MINNESOTA zone.
10:55 of 2nd period - Shot by Ryan Johansen.
10:55 of 2nd period - Stopped by Andrei Vasilevskiy without a rebound.
10:56 of 2nd period - Johan Larsson wins face-off versus Teuvo Teravainen in MINNESOTA zone.
11:09 of 2nd period - Shot by Johnny Gaudreau.
11:09 of 2nd period - Stopped by Andrei Vasilevskiy without a rebound.
11:10 of 2nd period - John Tavares wins face-off versus Ryan Johansen in MINNESOTA zone.
11:42 of 2nd period - Shot by Bryan Rust.
11:42 of 2nd period - Stopped by Semyon Varlamov with a rebound.
12:31 of 2nd period - Off-side.
12:32 of 2nd period - Joe Thornton wins face-off versus Carl Soderberg in neutral zone.
12:34 of 2nd period - Zach Hyman is hit by Carl Soderberg and loses puck.
12:44 of 2nd period - Shot by Joe Thornton.
12:44 of 2nd period - Stopped by Semyon Varlamov without a rebound.
12:45 of 2nd period - Colton Sissons wins face-off versus Tomas Hertl in ST.LOUIS zone.
12:59 of 2nd period - Minor Penalty to Kyle Connor for Roughing.
13:00 of 2nd period - Tomas Hertl wins face-off versus Teuvo Teravainen in MINNESOTA zone.
14:55 of 2nd period - Shot by Darnell Nurse.
14:55 of 2nd period - Shot Misses the Net.
15:11 of 2nd period - Shot by Carl Soderberg.
15:11 of 2nd period - Shot Blocked by Mark Giordano.
15:27 of 2nd period - Shot by Mats Zuccarello.
15:27 of 2nd period - Stopped by Semyon Varlamov without a rebound.
15:28 of 2nd period - John Tavares wins face-off versus Colton Sissons in ST.LOUIS zone.
16:42 of 2nd period - Icing by Duncan Keith.
16:43 of 2nd period - Tomas Hertl wins face-off versus Johnny Gaudreau in MINNESOTA zone.
17:07 of 2nd period - Jeff Carter is hit by Mark Giordano and loses puck.
17:56 of 2nd period - Brayden McNabb is hit by Brandon Tanev and loses puck.
18:21 of 2nd period - Shot by Barclay Goodrow.
18:21 of 2nd period - Shot Blocked by Brayden McNabb.
19:00 of 2nd period - Anders Lee is hit by Darnell Nurse.
19:21 of 2nd period - Minor Penalty to Carl Soderberg for Holding.
19:22 of 2nd period - Mats Zuccarello wins face-off versus Teuvo Teravainen in ST.LOUIS zone.
19:23 of 2nd period - Shot by Kyle Connor.
19:23 of 2nd period - Stopped by Semyon Varlamov without a rebound.
19:24 of 2nd period - John Tavares wins face-off versus Teuvo Teravainen in ST.LOUIS zone.
19:31 of 2nd period - Shot by Torey Krug.
19:31 of 2nd period - Shot Blocked by Darnell Nurse.
19:33 of 2nd period - Shot by Torey Krug.
19:33 of 2nd period - Shot Misses the Net.
19:35 of 2nd period - Shot by Torey Krug.
19:35 of 2nd period - Shot Misses the Net.
19:37 of 2nd period - Shot by Nikita Kucherov.
19:37 of 2nd period - Shot Blocked by Andy Greene.
19:44 of 2nd period - Shot by Kyle Connor.
19:44 of 2nd period - Stopped by Semyon Varlamov without a rebound.
19:45 of 2nd period - Joe Thornton wins face-off versus Teuvo Teravainen in ST.LOUIS zone.
19:48 of 2nd period - Shot by Mark Giordano.
19:48 of 2nd period - Stopped by Semyon Varlamov without a rebound.
19:49 of 2nd period - Joe Thornton wins face-off versus Teuvo Teravainen in ST.LOUIS zone.
19:54 of 2nd period - Shot by Anders Lee.
19:54 of 2nd period - Shot Misses the Net.
19:56 of 2nd period - Shot by Torey Krug.
19:56 of 2nd period - Shot Blocked by Teuvo Teravainen.
Goals for this period are 1 for MINNESOTA vs 0 for ST.LOUIS.
Shots for this period are 10 for MINNESOTA vs 5 for ST.LOUIS.

3rd period


0:01 of 3rd period - John Tavares wins face-off versus Teuvo Teravainen in neutral zone.
0:29 of 3rd period - Shot by Nikita Kucherov.
0:29 of 3rd period - Stopped by Semyon Varlamov without a rebound.
0:30 of 3rd period - Joe Thornton wins face-off versus Teuvo Teravainen in ST.LOUIS zone.
0:41 of 3rd period - Shot by Mark Giordano.
0:41 of 3rd period - Shot Blocked by Darnell Nurse.
0:43 of 3rd period - Shot by Tomas Hertl.
0:43 of 3rd period - Goal by Tomas Hertl - MINNESOTA : 2 - ST.LOUIS : 0.
0:44 of 3rd period - Johan Larsson wins face-off versus Ryan Johansen in neutral zone.
0:50 of 3rd period - Ryan Pulock is hit by Brenden Dillon and loses puck.
0:56 of 3rd period - Minor Penalty to Brandon Tanev for Hooking.
0:57 of 3rd period - Tomas Hertl wins face-off versus Ryan Johansen in MINNESOTA zone.
2:03 of 3rd period - Barclay Goodrow is hit by Jeff Carter and loses puck.
2:31 of 3rd period - Off-side.
2:32 of 3rd period - Tomas Hertl wins face-off versus Ryan Johansen in neutral zone.
3:02 of 3rd period - Shot by James Neal.
3:02 of 3rd period - Stopped by Andrei Vasilevskiy without a rebound.
3:03 of 3rd period - Carl Soderberg wins face-off versus Joe Thornton in MINNESOTA zone.
3:55 of 3rd period - Shot by Johnny Gaudreau.
3:55 of 3rd period - Stopped by Andrei Vasilevskiy without a rebound.
3:56 of 3rd period - Anders Lee wins face-off versus Teuvo Teravainen in MINNESOTA zone.
4:14 of 3rd period - Shot by Anders Lee.
4:14 of 3rd period - Shot Blocked by Darnell Nurse.
4:49 of 3rd period - Off-side.
4:50 of 3rd period - Ryan Johansen wins face-off versus Tomas Hertl in neutral zone.
5:23 of 3rd period - Shot by Tomas Hertl.
5:23 of 3rd period - Stopped by Semyon Varlamov without a rebound.
5:24 of 3rd period - Joe Thornton wins face-off versus Carl Soderberg in ST.LOUIS zone.
5:32 of 3rd period - Neal Pionk is hit by David Savard and loses puck.
5:37 of 3rd period - Shot by Carl Soderberg.
5:37 of 3rd period - Stopped by Andrei Vasilevskiy without a rebound.
5:38 of 3rd period - Jeff Carter wins face-off versus Johan Larsson in MINNESOTA zone.
5:39 of 3rd period - Shot by Johnny Gaudreau.
5:39 of 3rd period - Shot Misses the Net.
5:41 of 3rd period - Shot by Teuvo Teravainen.
5:41 of 3rd period - Stopped by Andrei Vasilevskiy without a rebound.
5:42 of 3rd period - Teuvo Teravainen wins face-off versus Kyle Connor in MINNESOTA zone.
5:53 of 3rd period - Shot by Tomas Hertl.
5:53 of 3rd period - Stopped by Semyon Varlamov with a rebound.
5:55 of 3rd period - Shot by Tomas Hertl.
5:55 of 3rd period - Goal by Tomas Hertl - MINNESOTA : 3 - ST.LOUIS : 0.
5:56 of 3rd period - John Tavares wins face-off versus Ryan Johansen in neutral zone.
6:32 of 3rd period - Icing by Jaden Schwartz.
6:33 of 3rd period - Ryan Johansen wins face-off versus Tomas Hertl in ST.LOUIS zone.
7:08 of 3rd period - Shot by Kyle Connor.
7:08 of 3rd period - Stopped by Semyon Varlamov with a rebound.
7:14 of 3rd period - Shot by Nikita Kucherov.
7:14 of 3rd period - Shot Blocked by Andy Greene.
7:16 of 3rd period - Shot by Duncan Keith.
7:16 of 3rd period - Shot Blocked by Darnell Nurse.
7:26 of 3rd period - Shot by Teuvo Teravainen.
7:26 of 3rd period - Stopped by Andrei Vasilevskiy without a rebound.
7:27 of 3rd period - Bryan Rust wins face-off versus Carl Soderberg in MINNESOTA zone.
7:31 of 3rd period - Off-side.
7:32 of 3rd period - John Tavares wins face-off versus Carl Soderberg in neutral zone.
7:54 of 3rd period - Shot by Bryan Rust.
7:54 of 3rd period - Stopped by Semyon Varlamov without a rebound.
7:55 of 3rd period - Teuvo Teravainen wins face-off versus Zach Hyman in ST.LOUIS zone.
8:59 of 3rd period - Icing by Kris Russell.
9:00 of 3rd period - Joe Thornton wins face-off versus James Neal in MINNESOTA zone.
9:11 of 3rd period - Shot by Carl Soderberg.
9:11 of 3rd period - Shot Misses the Net.
9:22 of 3rd period - Icing by Kris Russell.
9:23 of 3rd period - Joe Thornton wins face-off versus Ryan Johansen in MINNESOTA zone.
9:40 of 3rd period - Shot by Nikita Kucherov.
9:40 of 3rd period - Stopped by Semyon Varlamov without a rebound.
9:41 of 3rd period - John Tavares wins face-off versus Teuvo Teravainen in ST.LOUIS zone.
9:52 of 3rd period - Anders Lee is hit by Teuvo Teravainen and loses puck.
10:19 of 3rd period - Jeff Carter is hit by Bryan Rust and loses puck.
11:10 of 3rd period - Shot by Tomas Hertl.
11:10 of 3rd period - Stopped by Semyon Varlamov with a rebound.
11:34 of 3rd period - Icing by Neal Pionk.
11:35 of 3rd period - Johan Larsson wins face-off versus Carl Soderberg in ST.LOUIS zone.
11:39 of 3rd period - Icing by Adam Fox.
11:40 of 3rd period - Carl Soderberg wins face-off versus Johan Larsson in ST.LOUIS zone.
12:26 of 3rd period - Off-side.
12:27 of 3rd period - Teuvo Teravainen wins face-off versus John Tavares in neutral zone.
13:07 of 3rd period - Shot by Torey Krug.
13:07 of 3rd period - Stopped by Semyon Varlamov without a rebound.
13:08 of 3rd period - Tomas Hertl wins face-off versus Ryan Johansen in ST.LOUIS zone.
13:33 of 3rd period - Ryan Johansen is hit by David Savard and loses puck.
13:46 of 3rd period - Shot by Jaden Schwartz.
13:46 of 3rd period - Shot Blocked by Kris Russell.
13:48 of 3rd period - Shot by Jaden Schwartz.
13:48 of 3rd period - Goal by Jaden Schwartz - MINNESOTA : 3 - ST.LOUIS : 1.
13:49 of 3rd period - Carl Soderberg wins face-off versus Joe Thornton in neutral zone.
15:20 of 3rd period - Icing by Darnell Nurse.
15:21 of 3rd period - Tomas Hertl wins face-off versus Teuvo Teravainen in ST.LOUIS zone.
15:25 of 3rd period - Nikita Kucherov is hit by Andy Greene and loses puck.
16:01 of 3rd period - Icing by Kris Russell.
16:02 of 3rd period - Carl Soderberg wins face-off versus Tomas Hertl in MINNESOTA zone.
16:59 of 3rd period - Bryan Rust is hit by Ryan Johansen and loses puck.
18:34 of 3rd period - Brandon Tanev is hit by Jeff Carter and loses puck.
19:01 of 3rd period - Shot by Teuvo Teravainen.
19:01 of 3rd period - Shot Hit the Post.
19:08 of 3rd period - Icing by Brandon Tanev.
19:09 of 3rd period - Johan Larsson wins face-off versus Ryan Johansen in MINNESOTA zone.
19:13 of 3rd period - Off-side.
19:14 of 3rd period - John Tavares wins face-off versus Ryan Johansen in neutral zone.
19:19 of 3rd period - Shot by Anders Lee.
19:19 of 3rd period - Stopped by Semyon Varlamov without a rebound.
19:20 of 3rd period - John Tavares wins face-off versus Ryan Johansen in ST.LOUIS zone.
19:21 of 3rd period - Shot by Bryan Rust.
19:21 of 3rd period - Shot Misses the Net.
19:29 of 3rd period - Shot by Jaden Schwartz.
19:29 of 3rd period - Stopped by Andrei Vasilevskiy without a rebound.
19:30 of 3rd period - Tomas Hertl wins face-off versus Teuvo Teravainen in MINNESOTA zone.
19:30 of 3rd period - Tomas Hertl is hit by Darnell Nurse.
Goals for this period are 2 for MINNESOTA vs 1 for ST.LOUIS.
Shots for this period are 11 for MINNESOTA vs 7 for ST.LOUIS.